 Dungeon Crawl Stone Soup version bcrawl-1.27.8b (webtiles) character file.

Game seed: 5750343544190305910

69208 LostNumber the Sneak (level 1, 0/12 HPs)
             Began as a Vine Stalker Archaeologist on Nov 11, 2020.
             Slain by a gnoll
             ... wielding a +0 whip
              (5 damage)
             ... on level 1 of the Dungeon.
             The game lasted 00:00:17 (84 turns).

LostNumber the Sneak (Vine Stalker Archaeologist)     Turns: 84, Time: 00:00:18

Health: 0/12       AC:  6    Str: 13    XL:     1   Next: 50%
Magic:  2/2        EV: 13    Int: 14    God:
Gold:   16         SH:  0    Dex: 12    Spells: 0/0 levels left

rFire    . . .     SeeInvis .   a - +0 whip
rCold    . . .     Gourm    .   (no shield)
rNeg     . . .     Faith    .   b - +1 robe
rPois    .         Spirit   .   c - +1 hat
rElec    .         Reflect  .   (no cloak)
rCorr    .         Harm     .   (no gloves)
MR       .....                  d - +1 pair of boots
Stlth    +++.......             (no amulet)
HPRegen  0.44/turn              (no ring)
MPRegen  0.08/turn              (no ring)

@: no status effects
A: fangs 2, regeneration 1, no potion heal 3, rot immunity, strong jaws
a: no special abilities


You were on level 1 of the Dungeon.
You were not hungry.

You visited 1 branch of the dungeon, and saw 1 of its levels.

You collected 16 gold pieces.

Inventory:

Hand Weapons
 a - a +0 whip (weapon)
Missiles
 i - a throwing net {=f!f}
Armour
 b - a +1 robe (worn)
 c - a +1 hat (worn)
 d - a +1 pair of boots (worn)
Scrolls
 g - a scroll of magic mapping
Miscellaneous
 f - a dusty tome
Comestibles
 e - a ration {!d!d}
 h - 6 chunks of flesh


   Skills:
 + Level 1.0 Fighting
 - Level 0.8 Maces & Flails
 + Level 3.0 Dodging
 + Level 4.5 Stealth


You couldn't memorise any spells.
You didn't know any spells.
Your spell library was empty.

Dungeon Overview and Level Annotations

Branches:
Dungeon (1/12)

Altars:


Innate Abilities, Weirdness & Mutations

You have extremely sharp teeth.
Your natural rate of healing is unusually fast.
Potions cannot restore your health.
You are immune to rotting.
Your bites deal extra damage.


Message History

You now have 16 gold pieces.
You open the door.
There is an open door here.
You open the door.
There is an open door here.
A hobgoblin comes into view. It is wielding a +0 club.
Found a throwing net.
A ball python comes into view.
Found 150 arrows.
The helpless hobgoblin fails to defend itself.
You hit the hobgoblin.
The hobgoblin hits you but does no damage.
You hit the hobgoblin. The hobgoblin hits you with a +0 club.
You hit the hobgoblin but do no damage. The hobgoblin barely misses you.
You hit the hobgoblin.
You kill the hobgoblin!
Your Fighting skill increases to level 1!
Things that are here:
a +0 club; a hobgoblin corpse You see here a throwing net {=f!f}.
The helpless ball python fails to defend itself.
You hit the ball python.
You kill the ball python!
No target in view!
No target in view!
No target in view!
No target in view!
No target in view!
i - a throwing net {=f!f} You butcher the ball python corpse.
h - 3 chunks of flesh (gained 2)
You see here a ball python skeleton. x2
You butcher the hobgoblin corpse.
h - 6 chunks of flesh (gained 3)
Things that are here:
a +0 club; a hobgoblin skeleton
Things that are here:
a +0 club; a hobgoblin skeleton A gnoll comes into view.
It is wielding a +0 whip.
Found a diamond ring.
There is an open door here.
You hit the gnoll. The gnoll barely misses you.
You hit the gnoll but do no damage. The gnoll hits you with a +0 whip!
Ouch! That really hurt!
* * * LOW HITPOINT WARNING * * *
You hit the gnoll. Your bite misses the gnoll. The gnoll barely misses you.
You barely miss the gnoll. The gnoll barely misses you.
Unknown command.
You closely miss the gnoll. The gnoll hits you with a +0 whip.
You die...

## .. ##### ..
##############...# ..
.............#...########## ..
............g@...'........##..
.............#...###.......'##
.............#...# #.......'..
.............##### #......÷##.
=............# #.......##.
.#######.....# #.......###
#.....# #.......### #.....#
#.......##⌠
#.....######........###


You could see a gnoll.

Vanquished Creatures
  A bat (D:1)
  A hobgoblin (D:1)
  A ball python (D:1)
3 creatures vanquished.

Notes
Turn   | Place    | Note
-------+----------+-------------------------------------------
     0 | D:1      | LostNumber the Vine Stalker Archaeologist began the quest
                  | for the Orb.
     0 | D:1      | Reached XP level 1. HP: 11/11 MP: 2/2
    46 | D:1      | Reached skill level 1 in Fighting
    84 | D:1      | Slain by a gnoll

Skill      XL: |  1 |
---------------+----+-----
Fighting       | 1 |  1.0
Maces & Flails | |  0.8
Dodging        | |  3.0
Stealth        | |  4.5

Action                   || total
-------------------------++-------
Melee: Whip              ||    12
 Stab: Sleeping          ||     3
Dodge: Dodged            ||     5
